 Dungeon Crawl Stone Soup version 0.26.1-2-gb8aa6d0cf2 (webtiles) character file.

Game seed: 10443595920254855865

107 wumna the Poker (level 4, -1/37 HPs)
             Began as a Merfolk Berserker on Feb 11, 2021.
             Was a Believer of Trog.
             Killed by nerve-wracking pain
             ... invoked by an orc priest
              (11 damage)
             ... on level 3 of the Dungeon.
             The game lasted 00:06:52 (2384 turns).

wumna the Poker (Merfolk Berserker)                 Turns: 2384, Time: 00:06:53

Health: -1/37      AC:  2    Str: 18    XL:     4   Next: 85%
Magic:  4/4        EV: 13    Int:  6    God:    Trog [**....]
Gold:   207        SH:  0    Dex: 13    Spells: 3/3 levels left

rFire    . . .     SeeInvis .   a - +0 spear
rCold    . . .     Faith    .   (no shield)
rNeg     . . .     Spirit   .   b - +0 animal skin
rPois    .         Reflect  .   (no helmet)
rElec    .         Harm     .   (no cloak)
rCorr    .         Rampage  .   (no gloves)
Will     .....                  (no boots)
Stlth    +.........             (no amulet)
HPRegen  0.12/turn              (no ring)
MPRegen  0.09/turn              (no ring)

@: slowed, very slow
A: change form in water, swift swim, stealthy swim
a: Renounce Religion, Berserk, Trog's Hand


You were on level 3 of the Dungeon.
You worshipped Trog.
Trog was pleased with you.
You visited 1 branch of the dungeon, and saw 3 of its levels.

You collected 207 gold pieces.

Inventory:

Hand Weapons
 a - a +0 spear (weapon)
 e - a +0 hand axe
 m - a +0 club
 x - a +0 whip
Missiles
 d - 34 arrows
 i - 41 sling bullets
 n - 89 stones
Armour
 b - a +0 animal skin (worn)
 g - a +0 leather armour
 k - a +0 leather armour
 p - a +0 chain mail
 u - a +0 scale mail
Wands
 r - a wand of enslavement (4)
 t - a wand of digging (4)
Scrolls
 f - a scroll of random uselessness {unknown}
 j - 3 scrolls of identify {unknown}
 o - a scroll of blinking {unknown}
 s - a scroll of enchant armour {unknown}
 v - a scroll of remove curse {unknown}
Potions
 c - a potion of berserk rage {unknown}
 h - a potion of might {unknown}
 l - a potion of resistance {unknown}
 q - 3 potions of curing {unknown}
 w - a potion of heal wounds {unknown}


   Skills:
 + Level 3.9 Fighting
 * Level 6.9 Polearms
 + Level 1.5 Armour
 + Level 3.2 Dodging
 + Level 0.4 Stealth


You had 3 spell levels left.
You didn't know any spells.
Your spell library was empty.

Dungeon Overview and Level Annotations

Branches:
Dungeon (3/15)

Altars:


Message History

The orc priest is moderately wounded.
The orc priest closely misses you.
You completely miss the orc priest.
The orc priest is moderately wounded.
The orc priest closely misses you.
You barely miss the orc priest.
The orc priest is moderately wounded.
The orc priest hits you with a +0 dagger of protection.
You hit the orc priest but do no damage.
The orc priest is moderately wounded.
The orc priest hits you with a +0 dagger of protection. x2
* * * LOW HITPOINT WARNING * * *
You barely miss the orc priest.
The orc priest is moderately wounded.
The orc priest miscasts a cantrip.
You hit the orc priest.
The orc priest is severely wounded.
The orc priest mumbles some strange prayers to Beogh against you.
Pain shoots through your body!
You die...

#.# # #.# .# #.#
#.# #.#...
###.#o####.
#......Boo. #J#
#o# #@# #.# #.#
#.# #.# #.# #.#
#..#.# #.#
#..#.######## #.#
#..#........# #.#
..#.######.#
#.#####.#.######.#


You could see an orc priest and an ooze.

Vanquished Creatures
  An orc wizard (D:3)
  Terence (D:2)
  An adder (D:2)
  An ooze (D:1)
  A dart slug (D:1)
  A leopard gecko (D:2)
  An orc (D:3)
  2 giant cockroaches
  3 goblins
  4 hobgoblins (D:1)
  3 jackals (D:1)
  A ball python (D:1)
  6 bats
  3 frilled lizards (D:1)
  4 kobolds
  6 rats
39 creatures vanquished.

Notes
Turn   | Place    | Note
-------+----------+-------------------------------------------
     0 | D:1      | wumna the Merfolk Berserker began the quest for the Orb.
     0 | D:1      | Reached XP level 1. HP: 18/18 MP: 1/1
   104 | D:1      | Reached XP level 2. HP: 24/24 MP: 2/2
   153 | D:1      | Reached skill level 5 in Polearms
   632 | D:1      | Reached XP level 3. HP: 25/29 MP: 3/3
  1404 | D:2      | Reached ** piety under Trog
  1444 | D:2      | Noticed Terence
  1459 | D:2      | Killed Terence
  1460 | D:2      | Reached skill level 6 in Polearms
  1460 | D:2      | Reached XP level 4. HP: 21/37 MP: 4/4
  2384 | D:3      | Killed from afar by an orc priest

Illustrated notes

Levels and vault maps discovered:
D:1:      sevenhm_arrival_forest_fort_large_4, layout_basic, chequers_jeans,
          minmay_split_cup_small
D:2:      layout_loops_ring, chequers_serial_rivers_small_3, uniq_terence
D:3:      layout_basic, chequers_ecumenical_altar_simple_redux,
          grunt_dithmenos_smoke

Skill      XL: |  1  2  3 |
---------------+----------+-----
Polearms       | 5 6 |  6.9
Dodging        | 3 |  3.2
Fighting       | |  3.9
Armour         | |  1.5
Stealth        | |  0.4

Action                   |  1- 3 |  4- 6 || total
-------------------------+-------+-------++-------
Melee: Spear             |    94 |    44 ||   138
 Stab: Sleeping          |       |     1 ||     1
Armor: Animal skin       |     8 |     3 ||    11
Dodge: Dodged            |    39 |    21 ||    60
